AoeStats
← ===::======>

Arabia

514144809Analyzed
1v1 RM · 22h ago on Oct 16, 2026· 42m 30s· 2 players
Game mode
Random Map
Map size
Tiny (2 player)
Population
200
Speed
Normal
Resources
Standard
Victory
Conquest
Starting age
Dark Age
Ending age
Imperial Age
RankedLock teamsTeams togetherTeam positionsShared explorationLock speedFull tech treeHidden civsTurbo modeCheats
Victory
Defeat
🇮🇳 Goths · India
784
+16
vs
🇨🇱 Mongols · Chile
775
-16
hidean.ctm
6:06 Loom
9:17 Feudal Age
13:06 Double-Bit Axe
15:33 Fletching
21:05 Castle Age
21:11 Scale Mail Armor
24:11 Bow Saw
23:57 Gold Mining
28:18 Gold Shaft Mining
28:32 Bodkin Arrow
30:48 Pikeman
34:15 Husbandry
37:13 Forging
38:29 Wheelbarrow
39:38 Scale Barding Armor
42:04 Gold Shaft Mining
===::======>
0:50 Loom
11:29 Feudal Age
11:33 Man-at-Arms
20:52 Town Watch
20:59 Horse Collar
23:22 Castle Age
21:25 Stone Mining
21:38 Double-Bit Axe
22:19 Scale Mail Armor
22:30 Gold Mining
23:38 Forging
28:30 Anarchy
29:52 Chain Mail Armor
36:53 Imperial Age
35:27 Stone Shaft Mining
36:04 Wheelbarrow
36:59 Town Patrol
37:15 Hand Cart
37:49 Perfusion
37:51 Pikeman
38:40 Squires
42:21 Elite Huskarl
Connection lost

Rejoining the realm…

Still unreachable

The connection could not be restored.

Session expired

The server has moved on; the page needs a fresh start.